Map: 16-Bit LE

Players

Juxtapose - Winner!

  • Race: Terran Terran
  • Spawn Location: 7:00

VOD

https://youtu.be/Zm0DDhCTavE

Description

I'm now back to facing the Elite AI, which didn't take me too long to get to. I'm hoping one solid win will max the Difficulty.

I'm also pleased that this time I actually did a proper basic wall-in. I also open with a double Barracks as opposed to a Barracks and a Factory, as I wanted to use Marauders instead of Cyclones against my Zerg opponent.

Time

  • Played on: June 18, 2018, 8:29 p.m.
  • Length: 12:27
Show
View Real Time Build Order
Export as new Build Order

Juxtapose Terran - Winner!

Build Orders:  

Get SALT Encoding   

  12  0:01  SCV  
  13  0:18  SCV  
  14  0:35  Supply Depot, SCV  
  15  1:05  SCV  
  16  1:11  Barracks  
  16  1:15  Supply Depot  
  16  1:22  SCV  
  16  1:26  Refinery  
  17  1:41  SCV  
  18  1:51  Refinery  
  18  2:19  Orbital Command  
  18  2:20  Marine  
  19  2:42  Engineering Bay  
  19  2:46  Barracks Reactor  
  19  2:57  SCV  
  20  3:04  Supply Depot  
  20  3:13  Barracks  
  20  3:14  SCV  
  20  3:31  SCV  
  20  3:36  Terran Infantry Weapons Level 1  
  21  3:41  Marine x2  
  21  3:48  SCV  
  24  4:01  Bunker  
  24  4:05  SCV  
  24  4:07  Marine x2  
  27  4:22  Barracks Tech Lab  
  26  4:46  Marine x2  
  28  4:51  Stimpack  
  28  4:54  Marauder  
  30  5:04  Factory  
  30  5:11  Marine x2  
  30  5:16  Supply Depot  
  32  5:24  Marauder  
  34  5:36  Marine x2  
  36  5:54  Marauder  
  38  6:00  Marine  
  38  6:01  Marine  
  38  6:08  Factory Tech Lab  
  40  6:25  Marine  
  40  6:26  Marine  
  42  6:34  Marauder  
  44  6:43  Command Center  
  44  6:50  Marine  
  44  6:51  Marine  
  46  7:11  Supply Depot  
  46  7:27  Marine  
  47  7:41  Marauder, Marine, Siege Tank  
  47  7:45  Supply Depot  
  47  7:48  Combat Shields  
  45  8:10  Marine  
  45  8:11  Marine x2  
  47  8:26  Siege Tank  
  50  8:35  Marine  
  50  8:36  Marauder  
  52  8:44  Marine  
  49  9:00  Marine  
  49  9:06  Marauder  
  49  9:09  Marine  
  52  9:11  Siege Tank  
  52  9:26  Terran Infantry Armor Level 1  
  51  9:36  Marauder  
  53  9:43  Concussive Shells  
  53  9:48  Marine x2  
  54  9:56  Siege Tank  
  57  10:03  Orbital Command  
  57  10:06  Marauder  
  57  10:09  SCV  
  56  10:26  SCV  
  57  10:41  Marauder, Marine x2  
  57  10:43  SCV, Siege Tank  
  65  11:03  Siege Tank x3, SCV  
  65  11:04  SCV  
  65  11:05  Marine  
  65  11:06  Marine  
  69  11:11  Marine  
  70  11:20  SCV  
  70  11:21  SCV  
  70  11:23  Supply Depot  
  70  11:28  Armory  
  72  11:30  Marine  
  72  11:37  SCV  
  72  11:38  SCV  
  75  11:57  Marauder, Marine x2  
Tags
 
Matchup
Co-op
Add a new tag
Caveats
  • Supply blocks, unpowered buildings, or Contaminate may cause inaccurate times.
  • Supply counts are checked every 10 seconds.